 Dungeon Crawl Stone Soup version 0.17-a0-2014-g32cd421 (webtiles) character file.

5729 graki42 the Unseen (level 10, -10/69 HPs)
             Began as an Octopode Berserker on Oct 9, 2015.
             Was a High Priest of Trog.
             Mangled by a wyvern zombie (11 damage)
             ... on level 10 of the Dungeon.
             The game lasted 00:33:40 (10661 turns).

graki42 the Unseen (Octopode Berserker)            Turns: 10661, Time: 00:33:40

Health: -10/69     AC:  3    Str: 22    XL:     10   Next: 77%
Magic:  10/10      EV: 15    Int: 10    God:    Trog [*****.]
Gold:   416        SH:  0    Dex: 12    Spells: 0 memorised, 9 levels left

rFire  . . .     SeeInvis .     c - +0 short sword (venom)
rCold  . . .     Clarity  .     (no shield)
rNeg   . . .     SustAt   .     (helmet restricted)
rPois  .         Gourm    .     (no amulet)
rElec  .         Spirit   .     n - +3 ring of strength
rCorr  .         Warding  .     K - +2 ring of protection
rMut   .         Stasis   .     (no ring)
MR     .....                    (no ring)
Stlth  ++++++++..               (no ring)
                                (no ring)
                                (no ring)
                                (no ring)

@: not resistant to hostile enchantments, extraordinarily stealthy
A: almost no armour, amphibious, 8 rings, constrict 8, camouflage 1, blink,
clumsy 1, mutation resistance 1, strong 1, gelatinous body 1
a: Blink, Burn Spellbooks, Berserk, Trog's Hand, Brothers in Arms, Renounce
Religion


You were on level 10 of the Dungeon.
You worshipped Trog.
Trog was extremely pleased with you.
You were not hungry.

You visited 1 branch of the dungeon, and saw 10 of its levels.
You also visited: Sewer.

You collected 416 gold pieces.

Inventory:

Hand Weapons
 c - a +0 short sword of venom (weapon)
Missiles
 p - 2 throwing nets (quivered)
 u - 4 exploding tomahawks
Rods
 o - a +0 rod of shadows (9/9)
   (You found it on level 9 of the Dungeon)
Jewellery
 k - an uncursed amulet of stasis
 m - an uncursed ring of ice
 n - a +3 ring of strength (left tentacle)
 K - a +2 ring of protection (right tentacle)
Wands
 a - a wand of teleportation (3)
 q - a wand of disintegration (5)
 w - a wand of disintegration (7)
 B - a wand of draining (8)
 E - a wand of disintegration (12)
 F - a wand of cold (4)
 H - a wand of flame (1)
Scrolls
 d - 3 scrolls of recharging
 e - 3 scrolls of remove curse
 g - 5 scrolls of identify
 t - 2 scrolls of fear
 y - a scroll of teleportation
 A - 2 scrolls of fog
 D - a scroll of enchant armour {unknown}
 I - a scroll of magic mapping
 J - a scroll of enchant weapon {unknown}
Potions
 f - 3 potions of curing
 h - 2 potions of magic
 l - a potion of lignification
 s - a potion of cancellation
 v - 3 potions of heal wounds {unknown}
 z - a potion of berserk rage {unknown}
 C - 2 potions of might {unknown}
 G - a potion of mutation {unknown}
Comestibles
 b - 8 bread rations
 i - a meat ration
 j - 6 slices of pizza
 r - 2 beef jerkies
 x - 6 fruits
 L - 7 chunks of flesh


   Skills:
 + Level 6.5 Fighting
 + Level 6.5 Short Blades
 + Level 7.3 Dodging
 + Level 15.5 Stealth


You had 9 spell levels left.
You didn't know any spells.

Dungeon Overview and Level Annotations

Branches:
Dungeon (10/15)            Temple (0/1) D:4            Lair (0/8) D:9
    Orc: D:9-12

Altars:
Fedhas
Makhleb
Ru
Trog
Vehumet
The Shining One

Shops:
D:5 (   D:8 !


Innate Abilities, Weirdness & Mutations

You cannot wear most types of armour.
You are amphibious.
You can wear up to eight rings at the same time.
You can use your tentacles to constrict eight enemies at once.
Your skin changes colour to match your surroundings (Stealth).
Your rubbery body absorbs attacks (AC +1).
You can translocate small distances at will.
You are clumsy. (Dex -2)
You are somewhat resistant to further mutation.
Your muscles are strong. (Str +2)


Message History

You hit the wyvern zombie. The wyvern zombie bites you.
You hit the wyvern zombie. Your squeeze misses the wyvern zombie.
The wyvern zombie barely misses you.
You hit the wyvern zombie but do no damage.
The wyvern zombie closely misses you.
You hit the wyvern zombie. The wyvern zombie closely misses you.
You hit the wyvern zombie. You squeeze the wyvern zombie.
The wyvern zombie bites you!
* * * LOW HITPOINT WARNING * * *
Use which ability?
You fail to use your ability.
The wyvern zombie bites you!
* * * LOW HITPOINT WARNING * * *
Read which item? (? for menu, Esc to quit)
Okay, then.
Drink which item? (? for menu, Esc to quit)
Okay, then.
Evoke which item? (* to show all) (? for menu, Esc to quit)
Okay, then.
The wyvern zombie bites you!
You die...

#. ## .# #.# ... ...#
#.# #.# ##[## #.###
#####.###...######....
....#.#...#.......†.##
#....†....##.####.#
#.#.#..#.###.####†##
#...Z..#............
#.#@#..#####.####.##
#.....).....# #.#
##.#..####### #.#
...#..######## #.#
#####.......... ..#
########.#########
.........# ##########


You could see a wyvern zombie.

Vanquished Creatures
  A hill giant (D:10)
  2 trolls (D:10)
  A two-headed ogre (D:9)
  A spriggan (D:7)
  A hippogriff (D:10)
  4 sky beasts
  2 necrophages
  A black bear (D:6)
  3 orc warriors
  2 centaurs (D:8)
  A phantom (D:10)
  An ogre (D:8)
  7 giant frogs
  A wyvern skeleton (D:8)
  10 scorpions
  14 killer bees
  A crimson imp (D:9)
  8 orc priests
  3 hounds
  A quasit (D:5)
  8 orc wizards
  2 giant frog skeletons
  A wasp zombie (D:5)
  5 iguanas
  4 worker ants
  2 killer bee zombies
  A hound zombie (D:8)
  Robin (D:3)
  A worker ant zombie (D:6)
  12 gnolls
  13 adders
  2 worms
  31 orcs
  4 ball pythons (Sewer)
  6 bats
  8 giant cockroaches
  16 goblins
  8 hobgoblins
  11 jackals
  5 quokkas
  4 giant geckos
  A giant gecko skeleton (D:5)
  8 giant newts
  21 kobolds
  A quokka skeleton (D:10)
  6 rats
247 creatures vanquished.

Vanquished Creatures (collateral kills)
  A phantom (D:6)
  An orc (D:6)
2 creatures vanquished.

Vanquished Creatures (others)
  A fungus (D:5)
1 creature vanquished.

Grand Total: 250 creatures vanquished

Notes
Turn   | Place    | Note
--------------------------------------------------------------
     0 | D:1      | graki42 the Octopode Berserker began the quest for the Orb.
     0 | D:1      | Reached XP level 1. HP: 16/16 MP: 1/1
   322 | D:1      | Reached skill level 1 in Stealth
   322 | D:1      | Reached XP level 2. HP: 9/21 MP: 2/2
  1110 | D:2      | Reached XP level 3. HP: 18/26 MP: 3/3
  1147 | D:2      | Acquired Trog's second power
  1229 | D:2      | Found a blossoming altar of Fedhas.
  1743 | D:2      | Reached XP level 4. HP: 22/32 MP: 4/4
  2231 | D:3      | Noticed Robin
  2364 | D:3      | Killed Robin
  2364 | D:3      | Reached XP level 5. HP: 26/37 MP: 5/5
  2787 | D:3      | Reached skill level 4 in Stealth
  3511 | D:4      | Reached skill level 5 in Stealth
  3511 | D:4      | Reached XP level 6. HP: 40/43 MP: 6/6
  3797 | D:4      | Found a staircase to the Ecumenical Temple.
  4028 | D:4      | Reached skill level 6 in Stealth
  4413 | D:4      | Reached XP level 7. HP: 39/48 MP: 7/7
  4588 | D:5      | Entered Level 5 of the Dungeon
  4650 | D:5      | Found a sacrificial altar of Ru.
  4793 | D:5      | Found Oliw's Weapon Emporium.
  4809 | D:5      | Reached skill level 7 in Stealth
  4818 | D:5      | Found a glowing drain.
  4836 | Sewer    | Entered a sewer
  5005 | Sewer    | Acquired Trog's third power
  5450 | D:5      | Reached skill level 8 in Stealth
  5598 | D:5      | Reached XP level 8. HP: 54/54 MP: 8/8
  5714 | D:5      | Reached skill level 5 in Dodging
  5906 | D:5      | Reached skill level 9 in Stealth
  5910 | D:5      | Gained mutation: You are clumsy. (Dex -2) [mutagenic meat]
  5911 | D:5      | Gained mutation: You are somewhat resistant to further mutation. [mutagenic meat]
  5912 | D:5      | Gained mutation: Your muscles are strong. (Str +2) [mutagenic meat]
  5913 | D:5      | Gained mutation: You can translocate small distances at will. [mutagenic meat]
  6311 | D:6      | Reached skill level 5 in Fighting
  6456 | D:6      | Reached skill level 5 in Short Blades
  6456 | D:6      | Reached skill level 10 in Stealth
  6459 | D:6      | Found a glowing golden altar of the Shining One.
  6832 | D:6      | Reached XP level 9. HP: 58/61 MP: 9/9
  7095 | D:6      | Reached skill level 11 in Stealth
  7843 | D:7      | Reached skill level 12 in Stealth
  8143 | D:8      | Found Xaun's Distillery.
  8245 | D:8      | Received a gift from Trog
  8245 | D:8      | Reached skill level 13 in Stealth
  8765 | D:9      | Reached XP level 10. HP: 68/68 MP: 10/10
  8903 | D:9      | Found a bloodstained altar of Trog.
  9233 | D:9      | Reached skill level 14 in Stealth
  9257 | D:9      | Found a burning altar of Makhleb.
  9258 | D:9      | Found a radiant altar of Vehumet.
  9292 | D:9      | Found a staircase to the Lair.
  9510 | D:10     | Entered Level 10 of the Dungeon
  9574 | D:10     | Noticed a hill giant
  9775 | D:10     | Killed a hill giant
  9792 | D:10     | Reached skill level 15 in Stealth
 10659 | D:10     | HP: 1/69 [wyvern zombie (13)]
 10661 | D:10     | Mangled by a wyvern zombie

Vault maps used:
D:1:      eino_arrival_cavern_a
D:2:      minmay_strange_pillars, fedhas_altar_3
D:3:      first_bread, uniq_robin
D:4:      minmay_temple_entry_trees
D:5:      old_forge, portal_sewer_entry_f, serial_shops, shop, basic_altar,
          grunt_decor_mini_mirrors, st_stairs_9
D:6:      basic_altar, minmay_misc_feat_enclosed
D:7:      the_bakery
D:8:      serial_shops, shop
D:9:      grunt_temple_overflow_lords_of_destruction,
          nicolae_overflow_crystal_walls, lair_0_dummy
D:10:     orc_0_dummy, grunt_tough_drop
Sewer:    sewer_co_scattered_pipes

Action                   |  1- 3 |  4- 6 |  7- 9 | 10-12 || total
-------------------------+-------+-------+-------+-------++-------
Melee: Short sword       |    66 |   111 |   208 |   120 ||   505
Invok: Berserk           |     1 |     1 |     4 |     2 ||     8
       Trog's Hand       |       |       |     2 |     2 ||     4
       Brothers in Arms  |       |       |     1 |       ||     1
  Use: Potion            |     1 |       |       |       ||     1
       Scroll            |     5 |       |    10 |     1 ||    16
 Stab: Sleeping          |     6 |    11 |    51 |     8 ||    76
       Held in net/web   |       |       |     3 |       ||     3
       Distracted        |       |       |       |     2 ||     2
  Eat: Chunk             |     3 |     8 |    23 |    10 ||    44
